 Dungeon Crawl Stone Soup version 0.25-a0-294-gea9b1ad378 (webtiles) character file.

Game seed: 18139631364176800747, levelgen mode: deterministic

11 Redear the Skirmisher (level 2, 0/24 HPs)
             Began as a Mummy Monk on Dec 18, 2019.
             Slain by a frilled lizard (2 damage)
             ... on level 1 of the Dungeon.
             The game lasted 00:00:26 (423 turns).

Redear the Skirmisher (Mummy Monk)                   Turns: 423, Time: 00:00:26

Health: 0/24       AC:  0    Str: 14    XL:     2   Next: 13%
Magic:  2/2        EV: 13    Int:  9    God:
Gold:   33         SH:  0    Dex: 14    Spells: 1/1 levels left

rFire    x . .     SeeInvis .     - Unarmed
rCold    + . .     Gourm    .   (no shield)
rNeg     + + +     Faith    .   (no armour)
rPois    ∞         Spirit   .   (no helmet)
rElec    .         Reflect  .   (no cloak)
rCorr    .         Harm     .   (no gloves)
MR       .....                  (no boots)
Stlth    ++........             (no amulet)
HPRegen  0.08/turn              (no ring)
MPRegen  0.08/turn              (no ring)

@: no status effects
A: no food or potions, fire vulnerability, cold resistance 1, negative energy
resistance 3, torment resistance, unbreathing
a: no special abilities


You were on level 1 of the Dungeon.
You were not hungry.

You visited 1 branch of the dungeon, and saw 1 of its levels.

You collected 33 gold pieces.

Inventory:

Armour
 a - a +0 robe
Scrolls
 b - 4 scrolls of identify {unknown}
 c - a scroll of blinking {unknown}
 d - a scroll of enchant armour {unknown}


   Skills:
 + Level 3.2 Fighting
 + Level 2.6 Dodging
 - Level 1.5 Stealth
 + Level 2.6 Unarmed Combat


You had one spell level left.
You didn't know any spells.
Your spell library was empty.

Dungeon Overview and Level Annotations

Branches:
Dungeon (1/15)

Altars:


Innate Abilities, Weirdness & Mutations

You do not eat or drink.
Your flesh is vulnerable to fire.
You are immune to poison.
Your flesh is cold resistant. (rC+)
You are immune to negative energy. (rN+++)
You are immune to unholy pain and torment.
You can survive without breathing.


Message History

* * * LOW HITPOINT WARNING * * *
The frilled lizard closely misses you.
You are too injured to fight recklessly!
You are too injured to fight recklessly!
You take 5 damage, and have 7/24 hp.
MASSIVE DAMAGE!!
You are too injured to fight recklessly!
You are too injured to fight recklessly!
Unknown command.
You completely miss the hobgoblin.
The hobgoblin is moderately wounded.
The hobgoblin barely misses you.
You closely miss the hobgoblin.
The hobgoblin is moderately wounded.
The hobgoblin hits you.
* * * LOW HITPOINT WARNING * * *
You take 5 damage, and have 2/24 hp.
MASSIVE DAMAGE!!
You hit the hobgoblin.
You kill the hobgoblin!
You closely miss the frilled lizard. The frilled lizard bites you.
You die...

#.##..#### #.........#
##... ..###.# #.###.###.#
#.... #### .# #.# #.###.#
#..#. ##+# #.# #.#.#.#
#.... ##...# #.###.(#..#
#...# #.....# #....†....#
#...# ..)....######.##.###
#...#
........####...#.#####....
........l@................
........####.....#######.#
.......## ##.#### #†#
#.....# #.# #.# ##...# #.#
#.# ##+# #.# #.# #.# #.#
#.# ... #.# #.#


You could see a frilled lizard.

Vanquished Creatures
  2 giant cockroaches (D:1)
  A goblin (D:1)
  2 hobgoblins (D:1)
  A bat (D:1)
  5 frilled lizards (D:1)
11 creatures vanquished.

Notes
Turn   | Place    | Note
-------+----------+-------------------------------------------
     0 | D:1      | Redear the Mummy Monk began the quest for the Orb.
     0 | D:1      | Reached XP level 1. HP: 18/18 MP: 1/1
   320 | D:1      | Reached XP level 2. HP: 21/24 MP: 2/2
   421 | D:1      | HP: 2/24 [hobgoblin (5)]
   423 | D:1      | Slain by a frilled lizard

Levels and vault maps discovered:
D:1:      onia_arrival_mini_spirals, layout_loops_corners, minmay_pentomino_t2

Action                   || total
-------------------------++-------
Melee: Unarmed           ||    44
       Punch             ||     2
 Stab: Sleeping          ||     2
Dodge: Dodged            ||    32

Table legend:
 A = Non-vault XP
 B = Vault XP
 C = Vault XP percentage of total XP
 D = Non-vault monster count
 E = Vault monster count
 F = Vault count percentage of total count
                 A         B        C        D         E       F
            +---------+---------+-------+---------+---------+-------
      Total |      16 |       0 |   0.0 |      11 |       0 |   0.0
            +---------+---------+-------+---------+---------+-------
        D:1 |      16 |       0 |   0.0 |      11 |       0 |   0.0
            +---------+---------+-------+---------+---------+-------
